 Dungeon Crawl Stone Soup version 0.25.0-10-g039870ee82 (webtiles) character file.

Game seed: 10181526553157212194

2 Lavandula the Vexing (level 1, 0/18 HPs)
             Began as a Naga Arcane Marksman on June 23, 2020.
             Slain by a hound (2 damage)
             ... on level 5 of the Dungeon.
             The game lasted 00:01:32 (255 turns).

Lavandula the Vexing (Naga Arcane Marksman)          Turns: 255, Time: 00:01:33

Health: 0/18       AC:  1    Str: 12    XL:     1   Next: 30%
Magic:  2/2        EV: 10    Int: 13    God:
Gold:   48         SH:  0    Dex: 11    Spells: 1/2 levels left

rFire    + . .     SeeInvis +   a - +0 hand crossbow
rCold    + . .     Gourm    .   (no shield)
rNeg     . . .     Faith    .   e - +0 robe
rPois    +         Spirit   .   (no helmet)
rElec    +         Reflect  .   (no cloak)
rCorr    +         Harm     .   (no gloves)
MR       .....                  (no barding)
Stlth    +.........             (no amulet)
HPRegen  0.06/turn              (no ring)
MPRegen  0.08/turn              (no ring)

@: resistant, flying, very slow
A: large, see invisible, deformed body, poison resistance, slowness 2, slow
metabolism 1, spit poison 1, AC +0
a: Spit Poison


You were on level 5 of the Dungeon.
You were not hungry.

You visited 1 branch of the dungeon, and saw 5 of its levels.

You collected 48 gold pieces.

Inventory:

Hand Weapons
 a - a +0 hand crossbow (weapon)
Missiles
 d - 17 bolts (quivered)
Armour
 c - a cursed +0 kite shield
 e - a +0 robe (worn)
Comestibles
 f - a ration


   Skills:
 - Level 1.0 Fighting
 + Level 2.0 Crossbows
 - Level 1.5 Dodging
 - Level 1.0 Spellcasting
 - Level 3.0 Hexes


You had one spell level left.
You knew the following spells:

 Your Spells              Type           Power        Failure   Level  Hunger
a - Corona                Hex            #......      9%          1    ##.....

Your spell library contained the following spells:

 Spells                   Type           Power        Failure   Level  Hunger
 Animate Skeleton         Necr           N/A          28%         1    ##.....
 Pain                     Necr           #...         28%         1    ##.....
 Slow                     Hex            #.......     12%         2    ###....
 Inner Flame              Hex/Fire       #.......     41%         3    ####...
 Portal Projectile        Hex/Tloc       #.....       41%         3    ####...
 Vampiric Draining        Necr           #.........   63%         3    ####...
 Cause Fear               Hex            #.........   63%         4    #####..
 Leda's Liquefaction      Hex/Erth       #.........   83%         4    #####..
 Animate Dead             Necr           N/A          95%         4    #####..
 Agony                    Necr           #.......     100%        5    ######.


Dungeon Overview and Level Annotations

Branches:
Dungeon (5/15)
 Temple: D:4-7

Altars:

Shops:
D:4 [


Innate Abilities, Weirdness & Mutations

You cannot wear boots.
Your serpentine skin is tough. (AC +0)
You have supernaturally acute eyesight. (SInv)
Armour fits poorly on your strangely shaped body.
Your system is resistant to poisons. (rPois)
You cover ground very slowly.
You have a slow metabolism.
You can spit poison.


Message History

You feel slightly more hungry.
The hound stops to sniff the ground.
The hound bites you.
It was a potion of flight.
You feel very buoyant.
You fly up into the air.
The hound bites you.
* * * LOW HITPOINT WARNING * * *
The hound closely misses you.
It was a potion of resistance.
You feel protected.
You have got your breath back.
The hound bites you.
* * * LOW HITPOINT WARNING * * *
An orc comes into view. It is wielding a +0 mace.
As you read the scroll labeled BITHRE KYSEPP, it crumbles to dust.
It is a scroll of identify.
c - a cursed +0 kite shield The orc shouts!
The hound bites you.
You die...

#.............#
#.............#
#.............#
#.............#
#.............#
####+#######'#########
...........s..h#
.............#h#
......########@#
...... .........#
..... ######.#.# ..h.s
#. .# (... #. .# ####
#$ .# #. .# #o .#


You could see 2 hounds and an orc.

Vanquished Creatures
  A goblin (D:2)
  A frilled lizard (D:1)
2 creatures vanquished.

Notes
Turn   | Place    | Note
-------+----------+-------------------------------------------
     0 | D:1      | Lavandula the Naga Arcane Marksman began the quest for the
                  | Orb.
     0 | D:1      | Reached XP level 1. HP: 18/18 MP: 2/2
   125 | D:4      | Found Utiap's Armour Boutique.
   170 | D:5      | Entered Level 5 of the Dungeon
   170 | D:5      | Noticed a sky beast
   239 | D:5      | Noticed a hound
   240 | D:5      | Noticed a hound
   240 | D:5      | Noticed a scorpion
   255 | D:5      | Slain by a hound

Illustrated notes

Levels and vault maps discovered:
D:1:      kennysheep_arrival_seaside, layout_basic
D:2:      layout_loops_ring, minmay_crystal_water, okawaru_altar_gauntlet_db,
          uniq_natasha
D:3:      layout_basic
D:4:      layout_loops_ring, nicolae_overflow_crystal_walls,
          minmay_temple_entry_grid, serial_shops, nicolae_shop_statue_plus,
          uniq_edmund, uniq_grinder, uniq_robin
D:5:      layout_basic, first_ration

Skill      XL: |  1 |
---------------+----+-----
Crossbows      | 2 |  2.0
Fighting       | |  1.0
Dodging        | |  1.5
Spellcasting   | |  1.0
Hexes          | |  3.0

Action                   || total
-------------------------++-------
 Fire: Hand crossbow     ||     8
 Abil: Spit Poison       ||     2
  Use: Potion            ||     3
       Scroll            ||     1
Armor: Robe              ||     1
Dodge: Dodged            ||     8
